 Dungeon Crawl Stone Soup version 0.23.2-1-ga50397a (webtiles) character file.

Game seed: 3871542550328262303

9849 wilfster70 the Covert (level 11, -3/89 HPs)
             Began as a Gnoll Enchanter on May 3, 2019.
             Was a High Priest of Dithmenos.
             Slain by a spatial maelstrom (10 damage)
             ... on level 2 of the Abyss.
             The game lasted 00:38:24 (11525 turns).

wilfster70 the Covert (Gnoll Enchanter)            Turns: 11525, Time: 00:38:25

Health: -3/89      AC:  9    Str: 12    XL:     11   Next: 52%
Magic:  23/23      EV: 15    Int: 20    God:    Dithmenos [*****.]
Gold:   923        SH: 19    Dex: 15    Spells: 19/26 levels left

rFire    . . .     SeeInvis .   a - +3 dagger (freeze)
rCold    + . .     Gourm    .   E - +2 shield
rNeg     . . .     Faith    .   u - +0 leather armour
rPois    .         Spirit   .   (no helmet)
rElec    .         Reflect  +   s - +1 cloak
rCorr    .         Harm     .   g - +2 pair of gloves
MR       .....                  (no boots)
Stlth    ++++++....             c - +3 amulet of reflection
HPRegen  0.24/turn              (no ring)
MPRegen  0.18/turn              (no ring)

@: wreathed by umbra
A: distributed training, fangs 1, large bone plates 1, cold resistance 1, sense
surroundings 1, robust 1, MP-powered wands, strong nose
a: Shadow Step, Shadow Form, Renounce Religion


You were on level 2 of the Abyss.
You worshipped Dithmenos.
Dithmenos was extremely pleased with you.
You were very hungry.

You visited 1 branch of the dungeon, and saw 12 of its levels.
You visited the Abyss 1 time.

You collected 1035 gold pieces.
You spent 112 gold pieces at shops.

Inventory:

Hand Weapons
 a - a +3 dagger of freezing (weapon)
 b - a +0 hunting sling
Missiles
 i - 548 stones (quivered)
 o - 70 sling bullets
 v - 3 throwing nets
Armour
 g - a +2 pair of gloves (worn)
 s - a +1 cloak (worn)
 u - a +0 leather armour (worn)
 E - a +2 shield (worn)
Jewellery
 c - a +3 amulet of reflection (around neck)
Wands
 m - a wand of flame (42)
 w - a wand of digging (5)
 y - a wand of iceblast (14)
 G - a wand of clouds (6)
Scrolls
 e - 3 scrolls of fear
 j - 4 scrolls of remove curse
 k - 4 scrolls of amnesia
 p - 7 scrolls of teleportation
 r - a scroll of blinking
 z - a scroll of enchant weapon
 A - 2 scrolls of immolation
 F - a scroll of fog
Potions
 f - 2 potions of lignification
 h - 5 potions of haste
 l - a potion of invisibility
 n - 2 potions of curing
 q - a potion of brilliance
 t - a potion of flight
 x - a potion of heal wounds
 B - a potion of agility
 C - a potion of berserk rage
 D - 2 potions of resistance
Comestibles
 d - 24 rations


   Skills:
 + Level 6.2 Fighting
 + Level 6.8 Short Blades
 + Level 6.2 Long Blades
 + Level 6.2 Axes
 + Level 6.2 Maces & Flails
 + Level 6.2 Polearms
 + Level 6.2 Staves
 + Level 6.2 Slings
 + Level 6.2 Bows
 + Level 6.2 Crossbows
 + Level 6.2 Throwing
 + Level 6.2 Armour
 + Level 7.8 Dodging
 + Level 8.8 Stealth
 + Level 6.2 Shields
 + Level 6.2 Unarmed Combat
 + Level 8.1 Spellcasting
 + Level 5.2 Conjurations
 + Level 7.6 Hexes
 + Level 5.2 Charms
 + Level 5.2 Summonings
 + Level 5.2 Necromancy
 + Level 5.2 Translocations
 + Level 5.2 Transmutations
 + Level 5.2 Fire Magic
 + Level 5.2 Ice Magic
 + Level 5.2 Air Magic
 + Level 5.2 Earth Magic
 + Level 5.2 Poison Magic
 + Level 6.9 Invocations
 + Level 6.2 Evocations


You had 19 spell levels left.
You knew the following spells:

 Your Spells              Type           Power        Failure   Level  Hunger
a - Confusing Touch       Hex            #####.       1%          1    None
b - Ensorcelled Hibernat  Hex/Ice        ####..       3%          2    None
c - Confuse               Hex            #####...     4%          3    None
d - Apportation           Tloc           ####..       3%          1    None

Your spell library contained the following spells:

 Spells                   Type           Power        Failure   Level  Hunger
 Corona                   Hex            #####..      1%          1    None
 Animate Skeleton         Necr           N/A          3%          1    None
 Magic Dart               Conj           ####         3%          1    None
 Summon Small Mammal      Summ           ####         3%          1    None
 Tukima's Dance           Hex            #####...     4%          3    None
 Searing Ray              Conj           ####..       6%          2    None
 Dazzling Spray           Conj/Hex       ####..       7%          3    None
 Gell's Gravitas          Tloc           ####......   12%         3    None
 Fulminant Prism          Conj/Hex       ####......   24%         4    ###....
 Force Lance              Conj/Tloc      ####....     36%         4    ###....
 Iskenderun's Mystic Bla  Conj           ####....     36%         4    ###....
 Petrify                  Tmut/Erth      ####....     36%         4    ###....
 Metabolic Englaciation   Hex/Ice        ####......   54%         5    #####..
 Yara's Violent Unravell  Hex/Tmut       ####......   54%         5    #####..


Dungeon Overview and Level Annotations

Branches:
Dungeon (12/15)            Temple (0/1) D:4            Lair (0/6) D:8
    Orc (0/2) D:10

Altars:
Ashenzari
Dithmenos
Elyvilon
Kikubaaqudgha
Makhleb
Ru
Sif Muna
Trog
Yredelemnul
Zin

Shops:
D:9 *   D:10 }

Annotations:
D:4 3 runed translucent doors, schauveau's ghost, weakling CeHu
D:6 2 transporters, bmj180's ghost, novice MiFi
D:10 2 exclusions


Innate Abilities, Weirdness & Mutations

Your experience applies equally to all skills.
You have very sharp teeth.
Your uncanny sense of smell can sniff out nearby items.
You are partially covered in large bone plates. (SH +4)
Your flesh is cold resistant. (rC+)
You passively map a small area around you.
You are robust. (+10% HP)
You expend magic power (3 MP) to strengthen your wands.


Message History

The spatial maelstrom completely misses you.
You block the spatial maelstrom's attack.
The spatial maelstrom closely misses you.
You block the spatial maelstrom's attack.
The spatial maelstrom hits you! Space bends around you.
A spatial vortex comes into view.
The spatial maelstrom hits you! Space warps horribly around you!!
* * * LOW HITPOINT WARNING * * *
The spatial maelstrom hits you!
* * * LOW HITPOINT WARNING * * *
Space bends around you.
* * * LOW HITPOINT WARNING * * *
You feel much better.
You block the spatial maelstrom's attack.
The spatial maelstrom closely misses you.
You block the spatial maelstrom's attack.
The spatial maelstrom hits you!!
* * * LOW HITPOINT WARNING * * *
Space warps horribly around you!
You die...

#.#.... . .#
.#.##...### .
#..# #..# #.
#.#.#... #
#..##.#..#. #
.##..#..#####.#
#.......##.§...
#...#....###...
.. ###@..# # ..
#.v##
...§..###.##
#####
##..####.#
#.#.v....#
#.##.v##.## ##
###.### .
#.....# #.
#.......#


You could see a spatial maelstrom and 2 spatial vortices.

Vanquished Creatures
  4 two-headed ogres
  2 deep elf magi (D:11)
  A gargoyle (D:10)
  2 trolls
  A hornet (D:10)
  A hippogriff (D:8)
  A spriggan (D:7)
  A wyvern (D:10)
  2 hungry ghosts
  Edmund (D:4)
  A large abomination (Abyss:2)
  5 orc warriors
  An eye of draining (D:10)
  An ice beast (D:11)
  3 sky beasts
  3 centaurs
  5 ogres
  A big kobold (D:7)
  2 bullfrogs (D:7)
  A gnoll sergeant (D:8)
  A water moccasin zombie (D:7)
  5 scorpions
  6 wights
  4 howler monkeys
  A bullfrog zombie (D:7)
  A centaur zombie (D:7)
  7 crimson imps
  3 hounds
  A bullfrog skeleton (D:4)
  10 orc priests
  A centaur skeleton (D:10)
  A gnoll shaman (D:7)
  4 jellies
  12 orc wizards
  4 iguanas
  Natasha (thrice) (D:4)
  9 worker ants
  4 hound zombies
  A hound skeleton (D:9)
  Robin (D:2)
  9 adders
  11 gnolls
  3 shadow imps
  2 oozes
  An adder zombie (D:5)
  2 adder skeletons
  4 worms
  A dart slug (D:4)
  A leopard gecko (D:2)
  41 orcs
  3 bats
  6 giant cockroaches
  16 goblins
  7 hobgoblins
  17 jackals
  8 quokkas
  2 frilled lizards
  14 kobolds
  4 rats
270 creatures vanquished.

Notes
Turn   | Place    | Note
-------+----------+-------------------------------------------
     0 | D:1      | wilfster70 the Gnoll Enchanter began the quest for the Orb.
     0 | D:1      | Reached XP level 1. HP: 13/13 MP: 6/6
   289 | D:1      | Reached XP level 2. HP: 19/19 MP: 7/7
   682 | D:2      | Learned a level 2 spell: Ensorcelled Hibernation
   960 | D:2      | Noticed Robin
   981 | D:2      | Reached XP level 3. HP: 21/25 MP: 9/9
  1032 | D:2      | Learned a level 3 spell: Confuse
  1042 | D:2      | Killed Robin
  1042 | D:2      | Reached skill level 5 in Spellcasting
  1068 | D:2      | Reached skill level 1 in Invocations
  1276 | D:2      | Found a faded altar of an unknown god.
  1464 | D:2      | Became a worshipper of Dithmenos the Shadowed
  1464 | D:2      | Reached * piety under Dithmenos
  1593 | D:2      | Reached skill level 1 in Fighting
  1593 | D:2      | Reached skill level 1 in Long Blades
  1593 | D:2      | Reached skill level 1 in Axes
  1593 | D:2      | Reached skill level 1 in Maces & Flails
  1593 | D:2      | Reached skill level 1 in Polearms
  1593 | D:2      | Reached skill level 1 in Staves
  1593 | D:2      | Reached skill level 1 in Slings
  1593 | D:2      | Reached skill level 1 in Bows
  1593 | D:2      | Reached skill level 1 in Crossbows
  1593 | D:2      | Reached skill level 1 in Throwing
  1593 | D:2      | Reached skill level 1 in Armour
  1593 | D:2      | Reached skill level 1 in Shields
  1593 | D:2      | Reached skill level 1 in Unarmed Combat
  1593 | D:2      | Reached skill level 1 in Evocations
  1593 | D:2      | Reached XP level 4. HP: 32/32 MP: 8/11
  2043 | D:3      | Found a bloodstained altar of Trog.
  2213 | D:3      | Reached skill level 1 in Conjurations
  2213 | D:3      | Reached skill level 1 in Charms
  2213 | D:3      | Reached skill level 1 in Summonings
  2213 | D:3      | Reached skill level 1 in Necromancy
  2213 | D:3      | Reached skill level 1 in Translocations
  2213 | D:3      | Reached skill level 1 in Transmutations
  2213 | D:3      | Reached skill level 1 in Fire Magic
  2213 | D:3      | Reached skill level 1 in Ice Magic
  2213 | D:3      | Reached skill level 1 in Air Magic
  2213 | D:3      | Reached skill level 1 in Earth Magic
  2213 | D:3      | Reached skill level 1 in Poison Magic
  2534 | D:3      | Reached XP level 5. HP: 35/37 MP: 5/12
  3107 | D:4      | Found a runed translucent gate.
  3108 | D:4      | Found a runed translucent gate.
  3109 | D:4      | Found a runed translucent gate.
  3110 | D:4      | Noticed schauveau's ghost (weakling CeHu)
  3151 | D:4      | Noticed Natasha
  3157 | D:4      | Killed Natasha
  3157 | D:4      | Reached ** piety under Dithmenos
  3234 | D:4      | Reached XP level 6. HP: 41/44 MP: 6/13
  3464 | D:4      | Reached skill level 5 in Dodging
  3577 | D:4      | Found a staircase to the Ecumenical Temple.
  3739 | D:4      | Found an ancient bone altar of Kikubaaqudgha.
  3847 | D:4      | Noticed Edmund
  3851 | D:4      | Found a shadowy altar of Dithmenos.
  3863 | D:4      | Killed Edmund
  3863 | D:4      | Reached XP level 7. HP: 46/51 MP: 13/15
  4026 | D:4      | Noticed Natasha
  4141 | D:4      | Learned a level 1 spell: Confusing Touch
  4315 | D:4      | You fall through a shaft for 2 floors!
  4460 | D:6      | Reached XP level 8. HP: 57/57 MP: 13/16
  4480 | D:6      | Found a transporter.
  4482 | D:6      | Noticed bmj180's ghost (novice MiFi)
  4520 | D:6      | Reached *** piety under Dithmenos
  4528 | D:6      | Found a transporter.
  4945 | D:5      | Entered Level 5 of the Dungeon
  4992 | D:4      | Found a sacrificial altar of Ru.
  5133 | D:5      | Found a burning altar of Makhleb.
  5179 | D:4      | Killed Natasha
  5313 | D:4      | Noticed Natasha
  5317 | D:4      | Killed Natasha
  5411 | D:5      | Found a glowing silver altar of Zin.
  5464 | D:5      | Found a deep blue altar of Sif Muna.
  5983 | D:7      | Found a shattered altar of Ashenzari.
  6271 | D:7      | Reached XP level 9. HP: 36/65 MP: 14/18
  6622 | D:7      | Found a white marble altar of Elyvilon.
  7099 | D:7      | Reached **** piety under Dithmenos
  7222 | D:7      | Reached skill level 5 in Short Blades
  7463 | D:8      | Found a staircase to the Lair.
  8117 | D:8      | Got an ancient mace
  8118 | D:8      | Identified the cursed +1 mace "Fiengaucwe" {pain, *Contam
                  | rC+++ Int+3} (You found it on level 8 of the Dungeon)
  8222 | D:8      | Reached skill level 5 in Invocations
  8584 | D:7      | Gained mutation: Potions are less effective at restoring
                  | your health. [mutagenic glow]
  8585 | D:7      | Lost mutation: Potions are less effective at restoring your
                  | health. [potion of mutation]
  8585 | D:7      | Gained mutation: You are dopey. (Int -2) [potion of
                  | mutation]
  8585 | D:7      | Gained mutation: You are very dopey. (Int -4) [potion of
                  | mutation]
  8585 | D:7      | Gained mutation: Your flesh is cold resistant. (rC+)
                  | [potion of mutation]
  8586 | D:7      | Lost mutation: You are very dopey. (Int -4) [potion of
                  | mutation]
  8586 | D:7      | Lost mutation: You are dopey. (Int -2) [potion of mutation]
  8586 | D:7      | Gained mutation: You are partially covered in large bone
                  | plates. (SH +4) [potion of mutation]
  8586 | D:7      | Gained mutation: You passively map a small area around you.
                  | [potion of mutation]
  8586 | D:7      | Gained mutation: You are robust. (+10% HP) [potion of
                  | mutation]
  8586 | D:7      | Gained mutation: You expend magic power (3 MP) to
                  | strengthen your wands. [potion of mutation]
  8831 | D:8      | Reached XP level 10. HP: 58/80 MP: 20/20
  9064 | D:9      | Found Nineuty's General Store.
  9072 | D:9      | Bought a scroll of immolation for 52 gold pieces
  9074 | D:9      | Bought a potion of agility for 60 gold pieces
  9356 | D:9      | Reached skill level 5 in Fighting
  9356 | D:9      | Reached skill level 5 in Long Blades
  9356 | D:9      | Reached skill level 5 in Axes
  9356 | D:9      | Reached skill level 5 in Maces & Flails
  9356 | D:9      | Reached skill level 5 in Polearms
  9356 | D:9      | Reached skill level 5 in Staves
  9356 | D:9      | Reached skill level 5 in Slings
  9356 | D:9      | Reached skill level 5 in Bows
  9356 | D:9      | Reached skill level 5 in Crossbows
  9356 | D:9      | Reached skill level 5 in Throwing
  9356 | D:9      | Reached skill level 5 in Armour
  9356 | D:9      | Reached skill level 5 in Shields
  9356 | D:9      | Reached skill level 5 in Unarmed Combat
  9356 | D:9      | Reached skill level 5 in Evocations
  9365 | D:9      | Reached ***** piety under Dithmenos
  9417 | D:9      | Noticed a two-headed ogre
  9426 | D:9      | Killed a two-headed ogre
  9545 | D:9      | Found a basalt altar of Yredelemnul.
  9794 | D:10     | Entered Level 10 of the Dungeon
  9794 | D:10     | Noticed a gargoyle
  9795 | D:10     | Killed a gargoyle
 10048 | D:10     | Noticed a two-headed ogre
 10148 | D:10     | Paralysed by a hornet for 2 turns
 10199 | D:10     | Learned a level 1 spell: Apportation
 10222 | D:10     | Killed a two-headed ogre
 10256 | D:10     | Reached XP level 11. HP: 84/89 MP: 17/22
 10557 | D:10     | Found a staircase to the Orcish Mines.
 10660 | D:10     | Found Rimeyx's Gadget Boutique.
 10667 | D:10     | You fall through a shaft for 2 floors!
 10793 | D:11     | Noticed a two-headed ogre
 10802 | D:11     | Killed a two-headed ogre
 10832 | D:10     | Noticed a two-headed ogre
 10834 | D:10     | Reached skill level 5 in Conjurations
 10834 | D:10     | Reached skill level 5 in Charms
 10834 | D:10     | Reached skill level 5 in Summonings
 10834 | D:10     | Reached skill level 5 in Necromancy
 10834 | D:10     | Reached skill level 5 in Translocations
 10834 | D:10     | Reached skill level 5 in Transmutations
 10834 | D:10     | Reached skill level 5 in Fire Magic
 10834 | D:10     | Reached skill level 5 in Ice Magic
 10834 | D:10     | Reached skill level 5 in Air Magic
 10834 | D:10     | Reached skill level 5 in Earth Magic
 10834 | D:10     | Reached skill level 5 in Poison Magic
 10837 | D:10     | Killed a two-headed ogre
 11251 | D:11     | Noticed a deep elf mage
 11254 | D:11     | Noticed a deep elf mage
 11257 | D:11     | Killed a deep elf mage
 11261 | D:11     | Killed a deep elf mage
 11274 | D:11     | Noticed a wizard
 11274 | D:11     | Noticed a wizard
 11286 | D:11     | Cast into level 2 of the Abyss (a wizard)
 11515 | Abyss:2  | Noticed a spatial maelstrom
 11523 | Abyss:2  | HP: 2/89 [spatial maelstrom (4)]
 11525 | Abyss:2  | Slain by a spatial maelstrom

Skill      XL: |  1  2  3  4  5  6  7  8  9 10 11 |
---------------+----------------------------------+-----
Stealth        | 6 7 8 |  8.8
Spellcasting   | 5 6 7 8 |  8.1
Invocations    | 1 2 3 4 5 6 |  6.9
Fighting       | 1 2 3 4 5 6 |  6.2
Long Blades    | 1 2 3 4 5 6 |  6.2
Axes           | 1 2 3 4 5 6 |  6.2
Maces & Flails | 1 2 3 4 5 6 |  6.2
Polearms       | 1 2 3 4 5 6 |  6.2
Staves         | 1 2 3 4 5 6 |  6.2
Slings         | 1 2 3 4 5 6 |  6.2
Bows           | 1 2 3 4 5 6 |  6.2
Crossbows      | 1 2 3 4 5 6 |  6.2
Throwing       | 1 2 3 4 5 6 |  6.2
Armour         | 1 2 3 4 5 6 |  6.2
Shields        | 1 2 3 4 5 6 |  6.2
Unarmed Combat | 1 2 3 4 5 6 |  6.2
Evocations     | 1 2 3 4 5 6 |  6.2
Conjurations   | 1 2 3 4 5 |  5.2
Charms         | 1 2 3 4 5 |  5.2
Summonings     | 1 2 3 4 5 |  5.2
Necromancy     | 1 2 3 4 5 |  5.2
Translocations | 1 2 3 4 5 |  5.2
Transmutations | 1 2 3 4 5 |  5.2
Fire Magic     | 1 2 3 4 5 |  5.2
Ice Magic      | 1 2 3 4 5 |  5.2
Air Magic      | 1 2 3 4 5 |  5.2
Earth Magic    | 1 2 3 4 5 |  5.2
Poison Magic   | 1 2 3 4 5 |  5.2
Short Blades   | 3 4 5 6 |  6.8
Dodging        | 5 6 7 |  7.8
Hexes          | 6 7 |  7.6

Action                   |  1- 3 |  4- 6 |  7- 9 | 10-12 || total
-------------------------+-------+-------+-------+-------++-------
Melee: Dagger            |   103 |   116 |   346 |   224 ||   789
       Bite              |     5 |     5 |    44 |    28 ||    82
       Punch             |       |     1 |     1 |       ||     2
       Mace              |       |       |    89 |       ||    89
 Cast: Ensorcelled Hiber |     5 |    42 |    29 |    44 ||   120
       Confusing Touch   |       |       |    60 |    23 ||    83
  Use: Scroll            |       |       |    23 |     4 ||    27
       Potion            |       |       |     2 |     2 ||     4
 Stab: Sleeping          |    18 |    31 |    36 |    48 ||   133
       Confused          |       |       |    39 |    18 ||    57
       Distracted        |       |       |     1 |       ||     1
  Eat: Chunk             |     2 |     7 |    16 |     8 ||    33
Armor: Leather armour    |    13 |    26 |    68 |    20 ||   127
Dodge: Dodged            |    44 |    94 |   301 |    58 ||   497
Block: Other             |       |       |     3 |       ||     3
       Buckler           |       |       |   108 |       ||   108
       Shield            |       |       |    20 |   153 ||   173
       Reflection        |       |       |     6 |     1 ||     7
